 Dungeon Crawl Stone Soup version 0.29-a0-297-g7659ce593d (webtiles) character file.

Game seed: 18113663648712755256

61 kae the Firebug (level 4, -3/25 HPs)
             Began as a Tengu Fire Elementalist on Mar 20, 2022.
             Slain by a gnoll
             ... wielding a +0 flail
              (4 damage)
             ... on level 3 of the Dungeon.
             The game lasted 00:01:32 (1765 turns).

kae the Firebug (Tengu Fire Elementalist)           Turns: 1765, Time: 00:01:33

Health: -3/25      AC:  5    Str: 13    XL:     4   Next: 7%
Magic:  7/8        EV: 12    Int: 18    God:
Gold:   67         SH:  3    Dex: 14    Spells: 6/7 levels left

rFire   + + .      SeeInvis .   p - +5 mace "Zudu" {pain, *Noise rF+ Will+ Str+5}
rCold   + . .      Faith    .   k - +0 buckler
rNeg    . . .      Spirit   .   a - +0 robe
rPois   +          Reflect  .   (helmet restricted)
rElec   +          Harm     .   (no cloak)
rCorr   +          Rampage  .   d - +2 pair of gloves
Will    +....                   (boots unavailable)
Stlth   ++........              (no amulet)
HPRegen 0.08/turn               (no ring)
MPRegen 0.11/turn               (no ring)

@: brilliant, resistant, on berserk cooldown, slowed, very slow
A: beak, talons 3
a: no special abilities


You were on level 3 of the Dungeon.
You visited 1 branch of the dungeon, and saw 3 of its levels.

You collected 67 gold pieces.

Inventory:

Hand Weapons
 h - a +1 dagger
 p - the +5 mace "Zudu" (weapon) {pain, *Noise rF+ Will+ Str+5}
   (You found it on level 3 of the Dungeon)

   In the hands of one skilled in necromantic magic, it inflicts extra damage on
   living creatures.
   Str:       It affects your strength (+5).
   rF:        It protects you from fire.
   *Noise:    It may make noises in combat.
   Will:      It increases your willpower.
Armour
 a - a +0 robe (worn)
 d - a +2 pair of gloves (worn)
 k - a +0 buckler (worn)
Jewellery
 c - a ring of poison resistance
 j - a ring of ice
Scrolls
 i - 3 scrolls of immolation
 m - a scroll of identify
 o - a scroll of vulnerability {unknown}
Potions
 b - a potion of magic
 e - a potion of resistance
 f - a potion of brilliance
 g - a potion of flight
 l - a potion of berserk rage
 n - a potion of might {unknown}


   Skills:
 + Level 1.2 Fighting
 - Level 2.1 Dodging
 - Level 2.0 Stealth
 + Level 0.5 Shields
 + Level 2.4 Spellcasting
 + Level 2.4 Conjurations
 * Level 4.1 Fire Magic


You had 6 spell levels left.
You knew the following spells:

 Your Spells              Type           Power      Damage    Failure   Level
a - Foxfire               Conj/Fire      84%        2x1d8     6%          1

Your spell library contained the following spells:

 Spells                   Type           Power      Damage    Failure   Level
 Scorch                   Fire           50%        2d7       6%          2
 Conjure Flame            Conj/Fire      21%        6-21      19%         3
 Inner Flame              Hex/Fire       14%        N/A       30%         3
 Flame Wave               Conj/Fire      21%        2d7       52%         4


Dungeon Overview and Level Annotations

Branches:
Dungeon (3/15)

Altars:


Innate Abilities, Weirdness & Mutations

You have a beak for a mouth.
You have claws for feet.


Message History

The gnoll is heavily wounded.
The foxfire hits the gnoll.
The gnoll is almost dead.
You hit the gnoll but do no damage. Your peck misses the gnoll.
The gnoll is almost dead.
The gnoll hits you with a +0 club. You block the gnoll's attack.
You hit the gnoll.
You kill the gnoll!
You sock the gnoll! You peck the gnoll.
The gnoll is severely wounded.
The gnoll hits you with a +0 flail. The gnoll hits you with a +0 flail!
It was a potion of resistance.
You feel protected. The gnoll closely misses you.
It was a potion of brilliance.
You feel clever all of a sudden. The gnoll misses you.
It was a potion of berserk rage.
A red film seems to cover your vision as you go berserk!
You feel yourself moving faster!
You feel mighty! The gnoll barely misses you.
You sock the gnoll!
You kill the gnoll!
The gnoll throws a throwing net.
The throwing net hits you.
You become entangled in the net!
You have reached level 4!
You feel clever.
You struggle against the net.
You struggle against the net.
You feel a strong urge to attack something.
You struggle against the net.
You are no longer berserk.
You are exhausted.
You feel yourself slow down. The gnoll hits you with a +0 flail.
You rip the net and break free!
The gnoll hits you with a +0 flail!
* * * LOW HITPOINT WARNING * * *
You sock the gnoll! You peck the gnoll.
The gnoll is almost dead.
The gnoll completely misses you. The gnoll hits you with a +0 flail.
You die...

#......#...#### ..
...[.##........######
##.####..#.###.##....
#.##.......##.##.###
#.##.#..#..##..#.###
#.##.#..##....#...†.
###..............#.##.
#...##.####..#####.##.
#...g@.# #.## #....
#...#### #.# ##...
##)## # #.#. #.# #...
#.# ##.# #[# #. #.###
#. #...# #. ###.#


You could see a gnoll.

Vanquished Creatures
  2 gnolls (D:3)
  A dart slug (D:3)
  5 orcs (D:3)
  2 bats
  7 endoplasms
  2 goblins (D:1)
  3 hobgoblins
  3 kobolds
  A quokka (D:1)
  3 ball pythons
  2 frilled lizards
  3 rats (D:1)
34 creatures vanquished.

Vanquished Creatures (others)
  73 foxfires
73 creatures vanquished.

Grand Total: 107 creatures vanquished

Notes
Turn   | Place    | Note
-------+----------+-------------------------------------------
     0 | D:1      | kae the Tengu Fire Elementalist began the quest for the
                  | Orb.
     0 | D:1      | Reached XP level 1. HP: 10/10 MP: 4/4
   282 | D:1      | Reached XP level 2. HP: 10/16 MP: 1/6
  1021 | D:2      | Reached XP level 3. HP: 20/20 MP: 4/7
  1531 | D:3      | Reached skill level 1 in Fighting
  1675 | D:3      | Identified the +5 mace "Zudu" {pain, *Noise rF+ Will+
                  | Str+5}
  1685 | D:3      | Reached skill level 4 in Fire Magic
  1761 | D:3      | Reached XP level 4. HP: 14/25 MP: 6/8
  1764 | D:3      | HP: 1/25 [gnoll/+0 flail (7)]
  1765 | D:3      | Slain by a gnoll

Illustrated notes

Levels and vault maps discovered:
D:1:      ncdulo_wetmaze, layout_loops_ring, minmay_tromino_mix6
D:2:      layout_basic
D:3:      layout_loops_cross, mainiacjoe_overflow_cross_hatched, uniq_jessica

Skill      XL: |  1  2  3 |
---------------+----------+-----
Conjurations   | 2 |  2.4
Fighting       | 1 |  1.2
Fire Magic     | 4 |  4.1
Dodging        | |  2.1
Stealth        | |  2.0
Shields        | |  0.5
Spellcasting   | |  2.4

Action                   |  1- 3 |  4- 6 || total
-------------------------+-------+-------++-------
Melee: Unarmed           |     6 |       ||     6
       Kick              |     4 |       ||     4
       Peck              |     4 |     1 ||     5
       Dagger            |    14 |       ||    14
       Mace              |     4 |     1 ||     5
 Cast: Foxfire           |    47 |       ||    47
  Use: Scroll            |     6 |       ||     6
       Potion            |     3 |       ||     3
Armor: Robe              |    11 |       ||    11
Dodge: Dodged            |    20 |     1 ||    21
Block: Buckler           |     3 |       ||     3

Table legend: (Time is in decaauts)
 A = Elapsed time spent in this place.
 B = Non-inter-level travel time spent in this place.
 C = Inter-level travel time spent in this place.
 D = Time resting spent in this place.
 E = Time spent auto-exploring this place.
 F = Levels seen in this place.
 G = Mean time per level.
                   A        B        C        D        E       F      G
               +--------+--------+--------+--------+--------+-----+--------+
         Total |   1768 |   1743 |     25 |    172 |   1282 |   3 |  589.3 |
       Dungeon |   1768 |   1743 |     25 |    172 |   1282 |   3 |  589.3 |
               +--------+--------+--------+--------+--------+-----+--------+

Top non-repeatable levels by time:
     D:1: 1008 daAuts
     D:2: 464 daAuts
     D:3: 295 daAuts
